 Dungeon Crawl Stone Soup version 0.31-a0-188-g5e087ee2ca (webtiles) character file.

Game seed: 13625778866064281143

65 qw the Shooter (level 3, -1/20 HPs)
             Began as a Deep Elf Hunter on June 23, 2023.
             Slain by Sigmund
             ... wielding a +0 scythe
              (8 damage)
             ... on level 2 of the Dungeon.
             The game lasted 00:00:32 (1031 turns).

qw the Shooter (Deep Elf Hunter)                    Turns: 1031, Time: 00:00:33

Health: -1/20      AC:  5    Str: 10    XL:     3   Next: 94%
Magic:  5/5        EV: 12    Int: 13    God:
Gold:   157        SH:  5    Dex: 18    Spells: 2/2 levels left

rFire   . . .        Y - +0 shortbow
rCold   . . .        (shield currently unavailable)
rNeg    . . .        j - +0 troll leather armour
rPois   .            (no helmet)
rElec   .            (no cloak)
rCorr   .            h - +0 pair of gloves
SInv    .            (no boots)
Will    .....        g - amulet of reflection
Stlth   ++           (no ring)
HPRegen 1.03/turn    (no ring)
MPRegen 0.09/turn

%: reflection
@: no status effects
A: no striking features
a: no special abilities


You were on level 2 of the Dungeon.
You visited 1 branch of the dungeon, and saw 2 of its levels.

You collected 157 gold pieces.


   Skills:
 - Level 1.5 Fighting
 + Level 7.4 Ranged Weapons
 - Level 2.4 Dodging
 - Level 1.2 Stealth


You had 2 spell levels left.
You didn't know any spells.
Your spell library was empty.

Inventory:

Hand Weapons
 Y - a +0 shortbow (weapon)
Armour
 h - a +0 pair of gloves (worn)
 j - a +0 troll leather armour (worn)
Jewellery
 c - a ring of wizardry
 g - an amulet of reflection (around neck)
Scrolls
 a - 2 scrolls of revelation {unknown}
 b - a scroll of enchant armour {unknown}
 e - a scroll of identify
Potions
 d - a potion of attraction {unknown}
 i - a potion of curing {unknown}
 m - 3 potions of degeneration {unknown}

Dungeon Overview and Level Annotations

Branches:
Dungeon (2/15)

Altars:

Annotations:
D:2 Sigmund


Message History

Enter note: You shoot an arrow.
The arrow hits Sigmund but does no damage.
Sigmund casts a spell at you.
You are confused.
Sigmund mumbles some strange words.
Sigmund flickers and vanishes!
Deactivating autopickup; reactivate with Ctrl-A.
You shoot an arrow. You shoot an arrow.
A puff of flame appears from out of thin air!
The puff of flame hits you.
You shoot an arrow. You shoot an arrow. You shoot an arrow. You shoot an arrow.
You feel less confused. Something hits you but does no damage.
You shoot an arrow. Something hits you!
You shoot an arrow. You shoot an arrow. Something hits you.
You shoot an arrow. Something hits you.
You shoot an arrow. Something hits you.
You shoot an arrow. You shoot an arrow. Something hits you.
You shoot an arrow. Something hits you!
You shoot an arrow. You block something's attack.
You shoot an arrow. You shoot an arrow. You block something's attack.
You shoot an arrow. Something hits you!
You die...

.#)...#.###...#
......#.#..........#....
........#......>...#....
.#...####...%...........
.#...# #...............
.....####...............
##................{.....
##...##.........#.......
##...##.........@.......
######.....#.###.#.....
#######.......# .# ...
............### ## ?
#######.....# #.....#
#.....# #.....# #.....#


There were no monsters in sight!

Vanquished Creatures
  An adder (D:2)
  A worm (D:2)
  A dart slug (D:1)
  5 endoplasms (D:1)
  2 giant cockroaches
  2 goblins (D:1)
  2 hobgoblins (D:1)
  10 jackals
  4 quokkas
  4 ball pythons
  7 bats
  4 frilled lizards
  2 kobolds (D:1)
  A rat (D:1)
46 creatures vanquished.

Notes
Turn   | Place    | Note
-------+----------+-------------------------------------------
     0 | D:1      | qw the Deep Elf Hunter began the quest for the Orb.
     0 | D:1      | Reached XP level 1. HP: 12/12 MP: 3/3
     0 | D:1      | 0 ||| qw: Version: 0.3-a-9-g12657ce
     0 | D:1      | 0 ||| qw: Game counter: 3722
     0 | D:1      | 0 ||| qw: Always use a shield: true
     0 | D:1      | 0 ||| qw: God list: Okawaru
     0 | D:1      | 0 ||| qw: Allow faded altars: false
     0 | D:1      | 0 ||| qw: Do Orc after D:15 true
     0 | D:1      | 0 ||| qw: Do second Lair branch before Depths: true
     0 | D:1      | 0 ||| qw: Lair rune preference: random
     0 | D:1      | 0 ||| qw: Plans: Normal
     0 | D:1      | 0 ||| PLANNING D:1-11
   141 | D:1      | Reached XP level 2. HP: 16/16 MP: 4/4
   145 | D:1      | Reached skill level 6 in Ranged Weapons
   338 | D:1      | Reached XP level 3. HP: 20/20 MP: 5/5
   714 | D:1      | 714 ||| UPGRADING to +0 ring mail.
   724 | D:1      | 724 ||| DROPPING +0 leather armour.
   725 | D:1      | 725 ||| UPGRADING to +0 pair of gloves.
   730 | D:1      | 730 ||| UPGRADING to +0 troll leather armour.
   740 | D:1      | 740 ||| DROPPING +0 ring mail.
   741 | D:1      | 741 ||| UPGRADING to amulet of reflection.
   746 | D:1      | 746 ||| READING scroll labelled EPIAKA HUKI.
   747 | D:1      | 747 ||| READING scroll labelled GUTETUTZYE.
   748 | D:1      | 748 ||| READING scroll labelled LOTAJEEFIS.
   749 | D:1      | 749 ||| DROPPING scroll of butterflies.
   751 | D:1      | 751 ||| Stepping ~*~*~tactically~*~*~ (cloud).
   754 | D:1      | HP: 5/20 [poisoned by you (poison gas)]
   759 | D:1      | HP: 5/20 [poisoned by you (poison gas)]
   808 | D:2      | Reached skill level 7 in Ranged Weapons
  1011 | D:2      | Noticed Sigmund
  1027 | D:2      | HP: 3/20 [something (7)]
  1031 | D:2      | Slain by Sigmund

Levels and vault maps discovered:
D:1:      spicycebolla_green_bress_n_ham, layout_basic, minmay_box_of_dots
D:2:      layout_rooms, uniq_sigmund

Skill      XL: |  1  2  3 |
---------------+----------+-----
Ranged Weapons | 6 7 |  7.4
Fighting       | |  1.5
Dodging        | |  2.4
Stealth        | |  1.2

Action                     || total
---------------------------++-------
   Fire: Shortbow          ||   133
    Use: Scroll            ||     3
 Armour: Leather armour    ||     4
         Troll leather arm ||     3
  Dodge: Dodged            ||    32
  Block: Other             ||     9

Table legend:
 A = Non-vault XP
 B = Vault XP
 C = Vault XP percentage of total XP
 D = Non-vault monster count
 E = Vault monster count
 F = Vault count percentage of total count
                 A         B        C        D         E       F
            +---------+---------+-------+---------+---------+-------
      Total |      88 |       6 |   6.4 |      44 |       2 |   4.3
            +---------+---------+-------+---------+---------+-------
        D:1 |      47 |       6 |  11.3 |      29 |       2 |   6.5
        D:2 |      41 |       0 |   0.0 |      15 |       0 |   0.0
            +---------+---------+-------+---------+---------+-------
